 Dungeon Crawl Stone Soup version 0.31-a0-174-g85c54bcb58 (webtiles) character file.

Game seed: 10487526957310532093

0 qw the Shooter (level 1, -2/19 HPs)
             Began as a Naga Hunter on June 15, 2023.
             Slain by a quokka (3 damage)
             ... on level 1 of the Dungeon.
             The game lasted 00:00:00 (28 turns).

qw the Shooter (Naga Hunter)                          Turns: 28, Time: 00:00:01

Health: -2/19      AC:  1    Str: 13    XL:     1   Next: 10%
Magic:  1/1        EV:  9    Int:  9    God:
Gold:   10         SH:  0    Dex: 14    Spells: 0/0 levels left

rFire   . . .        a - +0 shortbow
rCold   . . .        (shield currently unavailable)
rNeg    . . .        c - +0 leather armour
rPois   +            (no helmet)
rElec   .            (no cloak)
rCorr   .            (no gloves)
SInv    +            (no barding)
Will    .....        (no amulet)
Stlth   ++           (no ring)
HPRegen 0.23/turn    (no ring)
MPRegen 0.07/turn

%: no passive effects
@: short of breath, very slow
A: AC +0, large, see invisible, deformed body, poison resistance, slowness 2,
spit poison 1, naga tail 1
a: Spit Poison


You were on level 1 of the Dungeon.
You visited 1 branch of the dungeon, and saw 1 of its levels.

You collected 10 gold pieces.


Innate Abilities, Weirdness & Mutations

Your serpentine skin is tough. (AC +0)
You have supernaturally acute eyesight. (SInv)
Armour fits poorly on your strangely shaped body.
Your system is resistant to poisons. (rPois)
You cover ground very slowly.
You can spit poison.
You have a snake-like lower body.


   Skills:
 - Level 2.0 Fighting
 + Level 3.6 Ranged Weapons
 - Level 1.5 Dodging
 - Level 1.5 Stealth


You couldn't memorise any spells.
You didn't know any spells.
Your spell library was empty.

Inventory:

Hand Weapons
 a - a +0 shortbow (weapon)
Armour
 c - a +0 leather armour (worn)
Scrolls
 b - a scroll of butterflies

Dungeon Overview and Level Annotations

Branches:
Dungeon (1/15)

Altars:


Message History

Aiming: Spit Poison (3% risk of failure)
Press: ? - help, Shift-Dir - straight line, f - quokka The splash of poison misses the quokka.
You shoot an arrow. The arrow closely misses the quokka.
The arrow barely misses the quokka.
A ball python comes into view.
You shoot an arrow. The arrow completely misses the quokka.
The arrow hits the ball python.
You kill the ball python!
You shoot an arrow. The arrow barely misses the quokka.
The arrow misses the quokka.
The quokka twitches its whiskers.
You shoot an arrow. The arrow barely misses the quokka.
The quokka barely misses you. The quokka bites you.
The quokka twitches its whiskers.
The quokka bites you.
You shoot an arrow. The arrow hits the quokka.
The quokka is moderately wounded.
You have got your breath back.
The quokka bites you. The quokka barely misses you. The quokka bites you.
The quokka barely misses you.
25 ||| INVOKING Spit Poison.
Aiming: Spit Poison (3% risk of failure)
Press: ? - help, Shift-Dir - straight line, f/p - quokka The splash of poison hits the quokka.
The quokka is poisoned.
The quokka is heavily wounded.
The quokka barely misses you. x2
You shoot an arrow.
The arrow hits the quokka but does no damage.
The quokka is severely wounded.
The quokka closely misses you. The quokka barely misses you.
The quokka misses you.
You shoot an arrow. The arrow hits the quokka.
The quokka is almost dead.
The quokka bites you. The quokka barely misses you.
The quokka closely misses you.
You shoot an arrow. The arrow hits the quokka.
You kill the quokka!
The quokka bites you. x2
You die...

####### #.....#
##.8.8.#
##...8..#
##...8.8.#
##........# .7.
#.}.}.###.#
~~P..##.....#.'.#
~~~.$$r@.8..#<#.#
~7~####.....#.+.#
#.}.}.###.#
##........#
##...8.8.#
##...8..#
##.8.8.# #.....#
#######


You could see a quokka.

Vanquished Creatures
  A quokka (D:1)
  A ball python (D:1)
2 creatures vanquished.

Notes
Turn   | Place    | Note
-------+----------+-------------------------------------------
     0 | D:1      | qw the Naga Hunter began the quest for the Orb.
     0 | D:1      | Reached XP level 1. HP: 19/19 MP: 1/1
     0 | D:1      | 0 ||| qw: Version: 0.2-a-29-g511e9b1
     0 | D:1      | 0 ||| qw: Game counter: 5315
     0 | D:1      | 0 ||| qw: Always use a shield: true
     0 | D:1      | 0 ||| qw: God list: Okawaru
     0 | D:1      | 0 ||| qw: Allow faded altars: false
     0 | D:1      | 0 ||| qw: Do Orc after D:15 true
     0 | D:1      | 0 ||| qw: Do second Lair branch before Depths: true
     0 | D:1      | 0 ||| qw: Lair rune preference: random
     0 | D:1      | 0 ||| qw: Plans: Normal
     0 | D:1      | 0 ||| PLANNING D:1-11
    19 | D:1      | 19 ||| INVOKING Spit Poison.
    25 | D:1      | 25 ||| INVOKING Spit Poison.
    28 | D:1      | HP: 1/19 [quokka (4)]
    28 | D:1      | Slain by a quokka

Levels and vault maps discovered:
D:1:      ncdulo_halloftheorcs, layout_loops_ring,
          shapermc_ecumenical_altar_notcrosses, minmay_misc_feat_enclosed,
          kennysheep_flooded_box, serial_bayou_pond_b

Action                     || total
---------------------------++-------
   Fire: Shortbow          ||     8
Ability: Spit Poison       ||     2
  Dodge: Dodged            ||    10

Table legend:
 A = Non-vault XP
 B = Vault XP
 C = Vault XP percentage of total XP
 D = Non-vault monster count
 E = Vault monster count
 F = Vault count percentage of total count
                 A         B        C        D         E       F
            +---------+---------+-------+---------+---------+-------
      Total |       1 |       2 |  66.7 |       1 |       1 |  50.0
            +---------+---------+-------+---------+---------+-------
        D:1 |       1 |       2 |  66.7 |       1 |       1 |  50.0
            +---------+---------+-------+---------+---------+-------
